 Dungeon Crawl Stone Soup version 0.31-a0-210-gccc998df9b (webtiles) character file.

Game seed: 10482908767155576385

376 qw the Shooter (level 6, -25/53 HPs)
             Began as a Minotaur Hexslinger on June 30, 2023.
             Annihilated by an ogre
             ... wielding a +0 giant spiked club
              (32 damage)
             ... on level 4 of the Dungeon.
             The game lasted 00:01:12 (2977 turns).

qw the Shooter (Minotaur Hexslinger)                Turns: 2977, Time: 00:01:13

Health: -25/53     AC:  8    Str: 13    XL:     6   Next: 44%
Magic:  6/6        EV: 11    Int: 10    God:
Gold:   248        SH:  0    Dex: 14    Spells: 6/7 levels left

rFire   . . .        Y - +2 sling
rCold   . . .        (no shield)
rNeg    . . .        l - +0 ring mail
rPois   .            (helmet restricted)
rElec   .            (no cloak)
rCorr   +            (no gloves)
SInv    .            h - +2 pair of boots
Will    .....        (no amulet)
Stlth   +            f - ring of resist corrosion
HPRegen 0.28/turn    (no ring)
MPRegen 0.10/turn

%: no passive effects
@: no status effects
A: horns 2, retaliatory headbutt
a: no special abilities


You were on level 4 of the Dungeon.
You visited 1 branch of the dungeon, and saw 4 of its levels.

You collected 248 gold pieces.


Innate Abilities, Weirdness & Mutations

You have a pair of horns on your head.
You reflexively headbutt those who attack you in melee.


   Skills:
 - Level 4.5 Fighting
 + Level 6.2 Ranged Weapons
 - Level 1.0 Armour
 - Level 2.1 Dodging
 - Level 1.0 Spellcasting
 - Level 2.0 Hexes


You had 6 spell levels left.
You knew the following spells:

 Your Spells              Type           Power      Damage    Failure   Level
a - Slow                  Hex            16%        N/A       32%         1

Your spell library contained the following spells:

 Spells                   Type           Power      Damage    Failure   Level
 Inner Flame              Hex/Fire       2%         N/A       82%         3
 Portal Projectile        Hex/Tloc       4%         N/A       82%         3
 Cause Fear               Hex            2%         N/A       97%         4

Inventory:

Hand Weapons
 Y - a +2 sling (weapon)
Armour
 h - a +2 pair of boots (worn)
 l - a +0 ring mail (worn)
Jewellery
 f - a ring of resist corrosion (left hand)
Scrolls
 a - 2 scrolls of noise {unknown}
 b - 2 scrolls of identify
Potions
 c - 2 potions of enlightenment {unknown}
 i - a potion of curing
 j - a potion of mutation
 k - a potion of degeneration {unknown}
 o - a potion of cancellation {unknown}

Dungeon Overview and Level Annotations

Branches:
Dungeon (4/15)
 Temple: D:4-7

Altars:
Dithmenos


Message History

The adder bites you.
You are poisoned.
The adder poisons you! The black bear bites you.
The black bear claws you but does no damage. x2
You shoot a sling bullet. The sling bullet hits the black bear.
The black bear is almost dead.
You feel sick. The adder bites you but does no damage.
The black bear goes berserk!
The ogre barely misses you. The adder bites you but does no damage.
The black bear bites you!
The black bear claws you but does no damage.
The black bear misses you.
You shoot a sling bullet.
The sling bullet barely misses the black bear.
You feel sick. The adder bites you but does no damage.
The black bear bites you but does no damage.
The black bear claws you but does no damage. x2
The ogre barely misses you. You furiously retaliate!
You headbutt the ogre. You shoot a sling bullet.
The sling bullet hits the black bear.
The black bear is almost dead.
You feel sick. The black bear bites you. The black bear claws you. x2
The adder closely misses you.
The black bear bites you but does no damage.
The black bear barely misses you. The black bear closely misses you.
The adder barely misses you. You furiously retaliate!
You headbutt the adder, but do no damage.
You shoot a sling bullet.
The sling bullet hits the black bear but does no damage.
The black bear is almost dead.
You feel sick. The black bear misses you.
The black bear claws you but does no damage. x2
The ogre barely misses you. The adder barely misses you.
The black bear bites you. The black bear misses you. The black bear claws you.
You shoot a sling bullet. The sling bullet hits the black bear.
You kill the black bear!
You feel sick.
You are no longer poisoned.
The adder bites you but does no damage.
The ogre hits you with a +0 giant spiked club!!
Ouch! That really hurt!
You die...

### ...# #.#.##
###.##.##.#######
.......S%O......
#.##.##@# .###
#.#.#.##
....###...## ..
.....##.## .#
.#.#.##.######## .#
.. .........>......
.#
#...###.##.#####.##
.# #......#...#
.####.####.####


You could see an ogre and an adder.

Vanquished Creatures
  2 black bears (D:4)
  A scorpion (D:4)
  A hound (D:4)
  2 iguanas (D:4)
  2 adders
  3 gnolls (D:4)
  A worm (D:4)
  2 dart slugs
  8 orcs (D:3)
  6 ball pythons
  5 bats
  11 endoplasms
  4 giant cockroaches
  2 goblins
  7 hobgoblins
  10 jackals
  3 kobolds
  3 quokkas
  2 frilled lizards
  9 rats
84 creatures vanquished.

Notes
Turn   | Place    | Note
-------+----------+-------------------------------------------
     0 | D:1      | qw the Minotaur Hexslinger began the quest for the Orb.
     0 | D:1      | Reached XP level 1. HP: 16/16 MP: 1/1
     0 | D:1      | 0 ||| qw: Version: 0.3-a-26-gee661ec
     0 | D:1      | 0 ||| qw: Game counter: 7214
     0 | D:1      | 0 ||| qw: Melee chars always use a shield: true
     0 | D:1      | 0 ||| qw: God list: Okawaru
     0 | D:1      | 0 ||| qw: Allow faded altars: false
     0 | D:1      | 0 ||| qw: Do Orc after clearing Dungeon:15 true
     0 | D:1      | 0 ||| qw: Do second Lair branch before Depths: true
     0 | D:1      | 0 ||| qw: Lair rune preference: random
     0 | D:1      | 0 ||| qw: Goals: Normal
     0 | D:1      | 0 ||| PLANNING D:1-11
    88 | D:1      | Reached skill level 3 in Ranged Weapons
    88 | D:1      | Reached XP level 2. HP: 19/23 MP: 2/2
    91 | D:1      | 91 ||| FLEEEEING.
    92 | D:1      | 92 ||| FLEEEEING.
    93 | D:1      | 93 ||| FLEEEEING.
    94 | D:1      | 94 ||| FLEEEEING.
    95 | D:1      | 95 ||| FLEEEEING.
    96 | D:1      | 96 ||| FLEEEEING.
    97 | D:1      | 97 ||| FLEEEEING.
    98 | D:1      | 98 ||| FLEEEEING.
   426 | D:1      | Reached XP level 3. HP: 29/29 MP: 3/3
   695 | D:1      | 695 ||| UPGRADING to +0 leather armour.
   705 | D:1      | 705 ||| DROPPING +0 robe.
   706 | D:1      | 706 ||| UPGRADING to ring of resist corrosion.
   707 | D:1      | 707 ||| READING 2 scrolls labelled NEPRAT RAXZUPT.
   711 | D:1      | 711 ||| READING scroll labelled HAB DUX BATE.
   712 | D:1      | 712 ||| READING scroll labelled KOIQAS NISKYF.
   813 | D:1      | 813 ||| DROPPING scroll of poison.
   993 | D:2      | Reached skill level 4 in Ranged Weapons
  1505 | D:2      | 1505 ||| UPGRADING to +2 pair of boots.
  1510 | D:2      | 1510 ||| UPGRADING to +0 ring mail.
  1520 | D:2      | 1520 ||| DROPPING +0 leather armour.
  1521 | D:2      | 1521 ||| READING scroll labelled IXTOROYCAU.
  1522 | D:2      | 1522 ||| READING scroll labelled NOOSKU KOCARR.
  1523 | D:2      | 1523 ||| READING scroll labelled DAJARUARRE.
  1536 | D:3      | 1536 ||| STAIRDANCE
  1543 | D:2      | Reached skill level 1 in Armour
  1584 | D:3      | Reached XP level 4. HP: 16/36 MP: 4/4
  1712 | D:3      | 1712 ||| Stepping ~*~*~tactically~*~*~ (outnumbered).
  2131 | D:3      | 2131 ||| DROPPING ring of flight.
  2132 | D:3      | 2132 ||| READING 5 scrolls labelled OLAWNEAVUR.
  2133 | D:3      | 2133 ||| READING scroll labelled MAICLE WAMAT.
  2134 | D:3      | 2134 ||| READING scroll labelled GISYSH XUEMEDGH.
  2135 | D:3      | 2135 ||| DRINKING 3 orange potions.
  2169 | D:3      | 2169 ||| DRINKING 2 grey potions.
  2170 | D:3      | 2170 ||| READING 4 scrolls of identify.
  2170 | D:3      | 2170 ||| IDENTIFYING fizzy pink potion
  2171 | D:3      | 2171 ||| READING 3 scrolls of identify.
  2171 | D:3      | 2171 ||| IDENTIFYING fuming inky potion
  2172 | D:3      | 2172 ||| READING 2 scrolls of identify.
  2172 | D:3      | 2172 ||| IDENTIFYING black potion
  2173 | D:3      | 2173 ||| DROPPING 2 potions of lignification.
  2174 | D:3      | 2174 ||| DROPPING potion of brilliance.
  2226 | D:4      | Found a shadowy altar of Dithmenos.
  2233 | D:4      | Reached skill level 5 in Ranged Weapons
  2240 | D:4      | HP: 6/36 [iguana (10)]
  2241 | D:4      | 2241 ||| READING 2 scrolls of teleportation.
  2242 | D:4      | 2242 ||| DRINKING potion of heal wounds.
  2255 | D:4      | HP: 9/36 [iguana (2)]
  2256 | D:4      | 2256 ||| READING scroll of teleportation.
  2256 | D:4      | HP: 2/36 [iguana (5)]
  2403 | D:4      | Reached XP level 5. HP: 44/44 MP: 5/5
  2429 | D:4      | Reached skill level 3 in Fighting
  2473 | D:4      | Reached skill level 6 in Ranged Weapons
  2572 | D:4      | Noticed a black bear
  2588 | D:4      | Killed a black bear
  2589 | D:4      | Reached XP level 6. HP: 19/53 MP: 6/6
  2976 | D:4      | HP: 10/53 [black bear (5)]
  2977 | D:4      | Annihilated by an ogre

Levels and vault maps discovered:
D:1:      dpeg_arrival_rooms_a, layout_basic
D:2:      layout_loops_ring
D:3:      minmay_inner_zag, layout_rooms
D:4:      layout_loops_ring, nicolae_dithmenos_shadow_blocks

Skill      XL: |  1  2  3  4  5 |
---------------+----------------+-----
Ranged Weapons | 3 4 5 6 |  6.2
Fighting       | 2 4 |  4.5
Armour         | 1 |  1.0
Dodging        | |  2.1
Spellcasting   | |  1.0
Hexes          | |  2.0

Action                     |  1- 3 |  4- 6 || total
---------------------------+-------+-------++-------
   Fire: Sling             |   114 |   160 ||   274
    Use: Scroll            |     6 |     8 ||    14
         Potion            |       |     3 ||     3
 Armour: Robe              |     1 |       ||     1
         Ring mail         |    12 |    90 ||   102
         Leather armour    |    10 |       ||    10
  Dodge: Dodged            |    41 |   100 ||   141

Table legend:
 A = Non-vault XP
 B = Vault XP
 C = Vault XP percentage of total XP
 D = Non-vault monster count
 E = Vault monster count
 F = Vault count percentage of total count
                 A         B        C        D         E       F
            +---------+---------+-------+---------+---------+-------
      Total |     638 |      26 |   3.9 |      78 |       6 |   7.1
            +---------+---------+-------+---------+---------+-------
        D:1 |      52 |       0 |   0.0 |      27 |       0 |   0.0
        D:2 |      41 |       0 |   0.0 |      18 |       0 |   0.0
        D:3 |      35 |      26 |  42.6 |      16 |       6 |  27.3
        D:4 |     510 |       0 |   0.0 |      17 |       0 |   0.0
            +---------+---------+-------+---------+---------+-------
